AoeStats
← Cyo Electryx

Arena

509768366Analyzed
4v4 RM · 6d ago on Sep 27, 2026· 43m 30s· 8 players
Game mode
Random Map
Map size
Large (8 player)
Population
200
Speed
Normal
Resources
Standard
Victory
Conquest
Starting age
Dark Age
Ending age
Imperial Age
RankedLock teamsTeams togetherTeam positionsShared explorationLock speedFull tech treeHidden civsTurbo modeCheats
Victory
Defeat
🇨🇱 Lithuanians · Chile
1327
+13
🇺🇸 Romans · United States
1316
+13
🇺🇸 Cumans · United States
1315
+13
🇵🇪 Poles · Peru
1212
+17
🇨🇴 Italians · Colombia
1264
-15
🇨🇴 Turks · Colombia
1250
-14
🇲🇽 Cumans · Mexico
1245
-14
🇲🇽 Jurchens · Mexico
1235
-13
Caronte
8:46 Feudal Age
11:39 Double-Bit Axe
14:15 Man-at-Arms
15:48 Horse Collar
21:55 Castle Age
20:42 Forging
20:32 Scale Mail Armor
21:59 Long Swordsman
23:17 Iron Casting
23:16 Bow Saw
23:43 Wheelbarrow
23:12 Pikeman
26:18 Heavy Plow
27:24 Hand Cart
27:45 Gold Mining
32:05 Imperial Age
29:33 Arson
29:48 Squires
30:06 Chain Mail Armor
31:42 Gold Shaft Mining
30:57 Stone Mining
34:19 Blast Furnace
33:25 Onager
35:08 Scale Barding Armor
35:35 Plate Mail Armor
35:25 Halberdier
38:32 Conscription
38:56 Siege Onager
41:01 Chemistry
Cyo Electryx
10:27 Feudal Age
14:13 Castle Age
13:47 Double-Bit Axe
14:36 Loom
16:35 Wheelbarrow
19:57 Fervor
22:43 Gold Mining
23:46 Sanctity
24:36 Horse Collar
24:53 Stone Mining
26:57 Gold Shaft Mining
28:08 Heavy Plow
28:21 Bow Saw
31:00 Imperial Age
29:36 Hand Cart
29:06 Town Watch
29:58 Masonry
29:30 Treadmill Crane
30:03 Masonry
30:40 Fletching
30:50 Padded Archer Armor
31:01 Forging
31:46 Ballistics
32:11 Conscription
32:11 Siege Engineers
33:08 Chemistry
33:10 Heavy Rocket Cart
33:58 Bodkin Arrow
35:26 Squires
35:12 Gambesons
35:29 Bracer
35:44 Leather Archer Armor
35:30 Scale Mail Armor
35:59 Fortified Bastions
36:22 Scale Barding Armor
36:52 Iron Casting
35:56 Elite Steppe Lancer
37:17 Bloodlines
37:07 Husbandry
39:01 Chain Barding Armor
39:13 Murder Holes
39:49 Architecture
40:34 Blast Furnace
41:00 Herbal Medicine
41:57 Thunderclap Bombs
MZTK | John_Wick
12:04 Feudal Age
11:39 Loom
17:07 Castle Age
15:24 Double-Bit Axe
15:28 Town Watch
21:50 Imperial Age
19:46 Fletching
21:11 Padded Archer Armor
20:59 Horse Collar
23:48 Wheelbarrow
25:10 Bodkin Arrow
25:45 Ballistics
31:26 Leather Archer Armor
34:08 Ring Archer Armor
37:10 Scale Barding Armor
johnmaestre1
10:50 Feudal Age
9:41 Loom
Sad x Gnome
10:57 Feudal Age
11:59 Loom
14:52 Castle Age
13:04 Horse Collar
13:57 Scale Mail Armor
15:56 Double-Bit Axe
25:53 Bow Saw
26:42 Gold Mining
30:27 Imperial Age
28:03 Squires
29:01 Gold Shaft Mining
29:32 Scale Mail Armor
29:43 Forging
30:16 Wheelbarrow
30:04 Heavy Plow
29:39 Pikeman
31:19 Ballistics
32:27 Chemistry
32:00 Chain Mail Armor
34:11 Heavy Scorpion
36:22 Halberdier
37:42 Iron Casting
36:44 Man-at-Arms
37:26 Long Swordsman
38:07 Halberdier
39:16 Stone Mining
40:22 Legionary
42:34 Capped Ram
Terrible Charles
9:20 Feudal Age
9:59 Horse Collar
15:14 Wheelbarrow
20:57 Castle Age
19:06 Gold Mining
20:06 Bloodlines
20:03 Scale Barding Armor
20:09 Forging
20:10 Loom
20:27 Double-Bit Axe
22:13 Hand Cart
22:13 Bow Saw
25:48 Chain Barding Armor
26:04 Iron Casting
26:18 Town Watch
28:06 Stone Mining
31:27 Imperial Age
29:27 Fletching
31:29 Bodkin Arrow
31:39 Heavy Plow
32:01 Ballistics
31:47 Elite Steppe Lancer
33:37 Plate Barding Armor
33:41 Conscription
35:04 Chemistry
34:32 Light Cavalry
35:47 Hussar
44:16 Blast Furnace
43:19 Padded Archer Armor
44:22 Hoardings
44:10 Masonry
PNAL | Lipe
5:04 Loom
10:45 Feudal Age
12:23 Double-Bit Axe
14:53 Castle Age
13:38 Horse Collar
14:23 Gold Mining
14:58 Loom
20:22 Loom
20:45 Husbandry
22:18 Fervor
24:08 Wheelbarrow
24:23 Scale Barding Armor
25:59 Bow Saw
25:51 Town Watch
26:26 Stone Mining
27:32 Hand Cart
28:26 Heavy Plow
29:33 Hand Cart
29:18 Town Patrol
31:01 Bloodlines
34:56 Imperial Age
33:53 Stone Shaft Mining
34:04 Chain Barding Armor
33:54 Forging
34:00 Masonry
35:11 Cavalier
36:54 Plate Barding Armor
36:55 Iron Casting
36:52 Conscription
37:41 Crop Rotation
38:24 Two-Man Saw
38:06 Paladin
Pe | xfirecorsair
9:36 Feudal Age
10:12 Double-Bit Axe
11:05 Fletching
11:01 Horse Collar
14:53 Loom
21:42 Castle Age
22:06 Gold Mining
22:13 Stone Mining
22:55 Bodkin Arrow
23:31 Heavy Plow
23:48 Bow Saw
23:10 Crossbowman
24:05 Padded Archer Armor
28:07 Thumb Ring
28:34 Leather Archer Armor
29:34 Ballistics
35:07 Imperial Age
34:16 Wheelbarrow
35:40 Town Watch
36:12 Bracer
37:15 Chemistry
35:52 Arbalester
39:00 Hand Cart
Connection lost

Rejoining the realm…

Still unreachable

The connection could not be restored.

Session expired

The server has moved on; the page needs a fresh start.